 Dungeon Crawl Stone Soup version 0.22-b1-21-g5cfc168 (webtiles) character file.

3277 Lilu the Destroyer (level 9, -5/57 HPs)
             Began as a Deep Elf Conjurer on Aug 4, 2018.
             Was a Follower of Vehumet.
             Shot with an arrow by a centaur (9 damage)
             ... on level 9 of the Dungeon.
             The game lasted 00:43:03 (9276 turns).

Lilu the Destroyer (Deep Elf Conjurer)              Turns: 9276, Time: 00:43:04

Health: -5/57      AC:  4    Str: 14    XL:     9   Next: 69%
Magic:  12/24      EV: 13    Int: 25    God:    Vehumet [*.....]
Gold:   448        SH:  6    Dex: 15    Spells: 7/14 levels left

rFire    . . .     SeeInvis .   E - +1 trident (venom)
rCold    . . .     Gourm    .   B - +1 buckler of Digit {Str+7}
rNeg     . . .     Faith    .   a - +1 robe
rPois    .         Spirit   .   w - +0 helmet
rElec    .         Reflect  .   (no cloak)
rCorr    .         Harm     .   (no gloves)
MR       .....                  (no boots)
Stlth    ++........             (no amulet)
HPRegen  0.19/turn              n - +3 ring of intelligence
MPRegen  0.19/turn              x - ring of magical power

@: no status effects
A: no striking features
a: Renounce Religion


You were on level 9 of the Dungeon.
You worshipped Vehumet.
Vehumet was aware of your devotion.
You were not hungry.

You visited 2 branches of the dungeon, and saw 10 of its levels.

You collected 448 gold pieces.

Inventory:

Hand Weapons
 h - a +1 short sword
 t - a +0 shortbow
 E - a +1 trident of venom (weapon)
Missiles
 g - 137 arrows
Armour
 a - a +1 robe (worn)
 w - a +0 helmet (worn)
 B - the +1 buckler of Digit (worn) {Str+7}
   (You found it on level 7 of the Dungeon)

   It affects your strength (+7).
 I - a +3 leather armour of poison resistance
Magical Staves
 H - an uncursed staff of summoning
Jewellery
 n - a +3 ring of intelligence (left hand)
 x - a ring of magical power (right hand)
Wands
 y - a wand of disintegration (15)
 C - a wand of random effects (30)
 D - a wand of digging (9)
 K - a wand of clouds (7)
 M - a wand of iceblast (11)
Scrolls
 b - 2 scrolls of immolation
 d - 2 scrolls of amnesia
 e - 3 scrolls of enchant weapon
 f - 7 scrolls of identify
 v - 5 scrolls of remove curse
 A - a scroll of enchant armour
 F - 2 scrolls of magic mapping {unknown}
 G - a scroll of acquirement {unknown}
 J - a scroll of teleportation
Potions
 i - 2 potions of might {unknown}
 j - 5 potions of heal wounds {unknown}
 k - a potion of brilliance {unknown}
 l - a potion of mutation {unknown}
 m - a potion of ambrosia {unknown}
 o - 6 potions of curing {unknown}
 p - 2 potions of magic {unknown}
 q - 2 potions of flight {unknown}
 r - 2 potions of lignification {unknown}
 s - 4 potions of haste {unknown}
 u - a potion of agility {unknown}
 z - a potion of resistance
Comestibles
 c - 11 rations
 L - 3 chunks of flesh


   Skills:
 + Level 7.1 Fighting
 - Level 2.4 Dodging
 - Level 2.4 Stealth
 - Level 4.0 Shields
 - Level 3.0 Spellcasting
 - Level 11.1 Conjurations


You had 7 spell levels left.
You knew the following spells:

 Your Spells              Type           Power        Failure   Level  Hunger
a - Magic Dart            Conj           ####         1%          1    None
b - Searing Ray           Conj           ######       1%          2    ##.....
c - Iskenderun's Mystic   Conj           ######..     1%          4    ####...

Your spell library contained the following spells:

 Spells                   Type           Power        Failure   Level  Hunger
 Fulminant Prism          Conj/Hex       ####......   11%         4    ####...
 Dazzling Spray           Conj/Hex       ####..       3%          3    ###....
 Force Lance              Conj/Tloc      ####....     11%         4    ####...


Dungeon Overview and Level Annotations

Branches:
Dungeon (9/15)             Temple (1/1) D:5
   Lair: D:8-11         Orc: D:9-12

Altars:
Ashenzari
Cheibriados
Dithmenos
Elyvilon
Fedhas
Gozag
Hepliaklqana
Kikubaaqudgha
Makhleb
Nemelex Xobeh
Okawaru
Qazlal
Ru
Sif Muna
Trog
Uskayaw
Vehumet
Wu Jian
Xom
Yredelemnul
Zin
The Shining One

Annotations:
D:3 Ijyb


Message History

Press: ? - help, Shift-Dir - straight line, f/p - centaur
Aim: a centaur The searing ray hits the hornet zombie.
The hornet zombie is almost destroyed. (Press . to maintain the ray.)
You block the hornet zombie's attack.
The searing ray hits the hornet zombie.
The hornet zombie is almost destroyed.
The hornet zombie hits you!
* * * LOW HITPOINT WARNING * * *
The searing ray hits the hornet zombie.
You destroy the hornet zombie!
Vehumet accepts your kill.
Your Fighting skill increases to level 7!
The centaur wields a shortbow.
The centaur shoots an arrow.
The arrow barely misses you.
The searing ray misses the centaur.
You finish channeling your searing ray.
The centaur shoots an arrow.
The arrow barely misses you.
The centaur shoots an arrow.
The arrow hits you!
You die...

#.......# #.......#
#.......# #..)....#
#.......+ #.c.....#
#.......# #....$..#
#.......# #......%#
#.......# #.......#
####'#### ###'# #..#
#..c# ##.# ##@#####
####'## #......#
#.....# #......#
#.....# #......#
+.....# #......#
#.....# ###..[...#
#.....#####.'......#
#.....'.....#......+
#.....#######......#


You could see a centaur.

Vanquished Creatures
  Grinder (D:5)
  A hippogriff (D:8)
  Duvessa (D:7)
  An orc warrior (D:8)
  2 ice beasts
  2 sky beasts
  A hornet zombie (D:9)
  6 ogres
  A phantom (D:8)
  2 centaurs
  2 bullfrogs
  5 scorpions
  Dowan (D:7)
  An electric eel (D:8)
  2 bullfrog zombies
  2 crimson imps (D:6)
  2 quasits (D:8)
  5 hounds
  4 orc wizards
  A centaur skeleton (D:7)
  3 bullfrog skeletons
  An iron imp (D:6)
  Jessica (D:2)
  An iguana (D:8)
  3 worker ants
  Natasha (D:2)
  A hound skeleton (D:6)
  A worker ant zombie (D:8)
  5 gnolls
  A howler monkey skeleton (D:6)
  8 adders
  2 shadow imps
  An adder zombie (D:8)
  3 adder skeletons
  3 worms (D:3)
  3 dart slugs
  5 leopard geckos
  24 orcs
  3 ball pythons
  3 giant cockroaches
  5 goblins
  12 hobgoblins
  7 jackals (D:2)
  11 kobolds
  7 quokkas
  5 bats
  4 frilled lizards
  A quokka skeleton (D:7)
  A quokka zombie (D:8)
  6 rats
  A spectral orc (D:9)
176 creatures vanquished.

Vanquished Creatures (others)
  A human (D:6)
  3 plants (D:7)
4 creatures vanquished.

Grand Total: 180 creatures vanquished

Notes
Turn   | Place    | Note
-------+----------+-------------------------------------------
     0 | D:1      | Lilu the Deep Elf Conjurer began the quest for the Orb.
     0 | D:1      | Reached XP level 1. HP: 10/10 MP: 6/6
   458 | D:1      | Reached skill level 5 in Conjurations
   458 | D:1      | Reached XP level 2. HP: 15/15 MP: 1/8
   520 | D:1      | Learned a level 2 spell: Searing Ray
  1185 | D:2      | Reached XP level 3. HP: 19/19 MP: 3/9
  1380 | D:2      | Reached skill level 6 in Conjurations
  1389 | D:2      | Noticed Jessica
  1407 | D:2      | Killed Jessica
  1407 | D:2      | Reached XP level 4. HP: 15/24 MP: 6/10
  1583 | D:2      | Found a burning altar of Makhleb.
  1588 | D:2      | Found a shimmering altar of Xom.
  1933 | D:2      | Noticed Natasha
  1946 | D:2      | Killed Natasha
  2079 | D:3      | Reached skill level 7 in Conjurations
  2079 | D:3      | Reached XP level 5. HP: 28/28 MP: 5/11
  2136 | D:3      | Learned a level 4 spell: Iskenderun's Mystic Blast
  2753 | D:3      | Noticed Ijyb
  3082 | D:3      | Found an iron altar of Okawaru.
  3224 | D:3      | Found a deep blue altar of Sif Muna.
  3578 | D:4      | Noticed an ogre
  3582 | D:4      | Killed an ogre
  3582 | D:4      | Reached skill level 8 in Conjurations
  3582 | D:4      | Reached XP level 6. HP: 32/32 MP: 7/12
  3652 | D:4      | Found a hide-covered altar of Uskayaw.
  3792 | D:4      | Reached skill level 9 in Conjurations
  3916 | D:4      | Found a bloodstained altar of Trog.
  4210 | D:4      | Reached XP level 7. HP: 36/36 MP: 6/13
  4603 | D:5      | Entered Level 5 of the Dungeon
  4634 | D:5      | Noticed Grinder
  4636 | D:5      | Paralysed by Grinder for 3 turns
  4838 | D:5      | Reached skill level 10 in Conjurations
  5030 | D:5      | Found a staircase to the Ecumenical Temple.
  5037 | Temple   | Entered the Ecumenical Temple
  5075 | Temple   | Became a worshipper of Vehumet
  5187 | D:5      | Found a hazy altar of Hepliaklqana.
  5315 | D:5      | Killed Grinder
  5315 | D:5      | Reached skill level 11 in Conjurations
  5315 | D:5      | Reached XP level 8. HP: 41/41 MP: 14/14
  5382 | D:5      | Reached skill level 1 in Fighting
  5793 | D:6      | Found a sparkling altar of Nemelex Xobeh.
  6282 | D:6      | Found a snail-covered altar of Cheibriados.
  6355 | D:6      | Found an ancient bone altar of Kikubaaqudgha.
  6429 | D:6      | Found a white marble altar of Elyvilon.
  6572 | D:7      | Found a stormy altar of Qazlal.
  6596 | D:7      | Got a faintly humming buckler
  6602 | D:7      | Identified the +1 buckler of Digit {Str+7} (You found it on level 7 of the Dungeon)
  6696 | D:7      | Reached skill level 1 in Shields
  7004 | D:7      | Noticed Dowan
  7004 | D:7      | Noticed Duvessa
  7022 | D:7      | Killed Dowan
  7083 | D:7      | Reached * piety under Vehumet
  7083 | D:7      | Offered knowledge of Sandblast by Vehumet.
  7083 | D:7      | Reached XP level 9. HP: 52/52 MP: 15/15
  7139 | D:7      | Killed Duvessa
  7538 | D:7      | Found a blossoming altar of Fedhas.
  7620 | D:7      | Found a sacrificial altar of Ru.
  7620 | D:7      | Found a shadowy altar of Dithmenos.
  8224 | D:8      | Reached skill level 5 in Fighting
  9134 | D:9      | Found a basalt altar of Yredelemnul.
  9276 | D:9      | Shot with an arrow by a centaur

Skill      XL: |  1  2  3  4  5  6  7  8  9 |
---------------+----------------------------+-----
Conjurations   | 5 6 7 8 9 11 | 11.1
Fighting       | 3 7 |  7.1
Shields        | 4 |  4.0
Dodging        | |  2.4
Stealth        | |  2.4
Spellcasting   | |  3.0

Action                   |  1- 3 |  4- 6 |  7- 9 || total
-------------------------+-------+-------+-------++-------
Melee: Short sword       |     9 |    18 |    25 ||    52
       Falchion          |       |    46 |    13 ||    59
       Trident           |       |       |    12 ||    12
 Cast: Magic Dart        |    59 |    61 |    39 ||   159
       Searing Ray       |       |    22 |    67 ||    89
       Iskenderun's Myst |       |       |     5 ||     5
  Use: Scroll            |       |     7 |     2 ||     9
 Stab: Sleeping          |     2 |     1 |       ||     3
  Eat: Chunk             |     1 |    10 |     8 ||    19
       Ration            |       |       |     3 ||     3
Armor: Robe              |     3 |    20 |    17 ||    40
Dodge: Dodged            |    15 |    90 |    81 ||   186
Block: Buckler           |       |       |    19 ||    19
       Rpst.: Falchion   |       |    17 |    15 ||    32
